 Dungeon Crawl Stone Soup version 0.29-a0-360-g8ed1089bbe (webtiles) character file.

Game seed: 10716341808425046568

2 spaghetti the Sneak (level 1, 4/18 HPs)
             Began as a Barachi Delver on Apr 28, 2022.
             Was an Initiate of Wu Jian.
             Quit the game on level 5 of the Dungeon.
             The game lasted 00:01:35 (189 turns).

spaghetti the Sneak (Barachi Delver)                 Turns: 189, Time: 00:01:35

Health: 4/18       AC:  3    Str: 13    XL:     1   Next: 40%
Magic:  1/1        EV: 12    Int: 10    God:    Wu Jian [......]
Gold:   19         SH:  0    Dex: 13    Spells: 0/0 levels left

rFire   . . .      SeeInvis .   a - +0 short sword {short}
rCold   . . .      Faith    .   (no shield)
rNeg    . . .      Spirit   .   b - +0 leather armour
rPois   .          Reflect  .   (no helmet)
rElec   .          Harm     .   (no cloak)
rCorr   .          Rampage  .   (no gloves)
Will    .....                   (no boots)
Stlth   ++........              (no amulet)
HPRegen 0.06/turn               (no ring)
MPRegen 0.07/turn               (no ring)

@: unable to hop, slow
A: amphibious, slowness 1, strong legs 1, +LOS
a: Hop, Renounce Religion


You were on level 5 of the Dungeon.
You worshipped Wu Jian.
Wu Jian was noncommittal.
You visited 2 branches of the dungeon, and saw 3 of its levels.

You collected 19 gold pieces.


Innate Abilities, Weirdness & Mutations

You are amphibious.
You cover ground slowly.
You can hop short distances.
You have an extended range of vision and can be seen from far away.


   Skills:
 - Level 3.6 Fighting
 - Level 2.1 Short Blades
 - Level 2.1 Dodging
 + Level 4.6 Stealth


You couldn't memorise any spells.
You didn't know any spells.
Your spell library was empty.

Inventory:

Hand Weapons
 a - a +0 short sword (weapon) {short}
Missiles
 i - 20 stones {throwing}
Armour
 b - a +0 leather armour (worn)
Wands
 g - a wand of digging (3)
Scrolls
 c - a scroll of fog
 d - 2 scrolls of magic mapping {!r}
 h - a scroll of noise {unknown}
Potions
 f - a potion of haste {@q3}

Dungeon Overview and Level Annotations

Branches:
Dungeon (5/15)             Temple (1/1) D:5

Altars:
Dithmenos
Gozag
Nemelex Xobeh
Trog
Wu Jian
Yredelemnul
The Shining One

+..............<....#
#...................#
#...................#
+###.................o.#
...........##.##.##.##..
...........#.........##.
....................?...
....####+###..⌠...⌠..#..
. #..@)..#.........#+.
#...........>.......
#......#.........#..
#......#..⌠...⌠..##.
#.................+.
#......#.........#..
.......##.##.##.###.
..............# .. .
...........#...# ...


There were no monsters in sight!


Message History

Found a stone staircase leading down.
Found a stone staircase leading up.
Found a staircase to the Ecumenical Temple.
There is a staircase to the Ecumenical Temple here.
You climb downwards.
Welcome to the Ecumenical Temple!
Found four altars.
There is a staircase back to the Dungeon here.
Unknown command.
Unknown command.
Found a glowing golden altar of the Shining One.
Found an ornate altar of the Wu Jian Council.
There is an ornate altar of the Wu Jian Council here.
Found a basalt altar of Yredelemnul.
There is a shadowy altar of Dithmenos here.
You kneel at the altar of Dithmenos.
Search for what [? for help]? wu
There is an ornate altar of the Wu Jian Council here.
You kneel at the altar of Wu Jian.
The Council welcomes you!
You can now perform damaging attacks by moving towards foes.
Unknown command.
Press < or > to pray at altars.
(D) Dungeon (T) Temple
Where to? (Enter - Temple @ (x,y), ? - help)
There is a staircase back to the Dungeon here.
You climb upwards.
There is a staircase to the Ecumenical Temple here.
(D) Dungeon (T) Temple
Where to? (Enter - D:5, ? - help)
There is a fountain of clear blue water here.
There is a stone staircase leading up here.
You climb upwards.
There is a stone staircase leading down here.
You can't go up here!
You now have 7 gold pieces.
A dart slug comes into view.
A dart slug is nearby!
A dart slug is nearby!
You lunge at the dart slug.
The helpless dart slug fails to defend itself.
You impale the dart slug!!
You kill the dart slug!
The Council accepts your kill.
h - a scroll labelled NAUXEGR LEEMO You now have 19 gold pieces (gained 12).
d - 2 scrolls of magic mapping {!r} (gained 1)
i - 20 stones {throwing} A gnoll comes into view.
It is wielding a +2 flail of holy wrath.
The gnoll shouts!
A gnoll comes into view.
It is wielding a +1 flail of protection.
The gnoll moves out of view.
A gnoll comes into view. It is wielding a +0 club.
Unknown command.
A gnoll comes into view. It is wielding a +0 club.
The gnoll moves out of view.
There is a stone staircase leading down here.
You climb downwards.
There is a stone staircase leading up here.
An orc comes into view. It is wielding a +0 mace.
An orc is nearby!
An orc is nearby!
An orc is nearby!
An orc comes into view. It is wielding a +0 short sword.
The orc shouts!
An orc priest comes into view. It is wielding a +0 trident.
The orc shouts!
You start waiting.
An orc is nearby!
You closely miss the orc. The orc barely misses you.
The orc hits you with a +0 short sword. 😮 HP[-5]
You take 5 damage, and now have 13/18 hp.
MASSIVE DAMAGE!! (PAUSE)
The orc attacks as you move away! The orc barely misses you.
The orc misses you. The orc hits you with a +0 mace.
* * * LOW HITPOINT WARNING * * *
The orc barely misses you. 😨 HP[-4]
You take 4 damage, and now have 9/18 hp.
MASSIVE DAMAGE!! (PAUSE) Unknown command.
You hit the orc but do no damage. The orc hits you but does no damage.
The orc hits you with a +0 mace.
* * * LOW HITPOINT WARNING * * *
😱 HP[-6]
You take 6 damage, and now have 3/18 hp.
MASSIVE DAMAGE!! (PAUSE) Hop to where?
Press: ? - help, Dir - move target Boing!
Okay, then.
Unknown command.
As you read the scroll of fear, it crumbles to dust.
You assume a fearsome visage.
The orc looks frightened! x2
You open the door. 😱 HP[+1]
There is an open door here.
You see here a +0 hunting sling {sling}.
You close the door.
Are you sure you want to abandon this character and quit the game? (Confirm with "yes".)

Action                   || total
-------------------------++-------
Melee: Short sword       ||     3
Invok: Lunge             ||     1
 Abil: Hop               ||     1
  Use: Scroll            ||     1
 Stab: Sleeping          ||     1
Armor: Leather armour    ||     1
Dodge: Dodged            ||     4

Levels and vault maps discovered:
D:4:      layout_cave_pools, mainiacjoe_overflow_catwalk, uniq_natasha,
          uniq_menkaure
D:5:      layout_gridville, mainiacjoe_overflow_alcove_1,
          mainiacjoe_overflow_large_starburst, minmay_temple_entry_large_hall,
          serial_shops, nicolae_shop_statue_plus, hex_large
Temple:   dpeg_three_leaves_temple

Notes
Turn   | Place    | Note
-------+----------+-------------------------------------------
     0 | D:5      | spaghetti the Barachi Delver began the quest for the Orb.
     0 | D:5      | Reached XP level 1. HP: 18/18 MP: 1/1
     0 | D:5      | magus.rc [v1.9.6]
    14 | D:5      | Found a staircase to the Ecumenical Temple.
    24 | Temple   | Entered the Ecumenical Temple
    75 | Temple   | Became a worshipper of the Wu Jian Council
   159 | D:5      | Noticed an orc priest
   172 | D:5      | HP: 3/18 [orc/+0 mace (6)]
   189 | D:5      | Quit the game

Vanquished Creatures
  A dart slug (D:4)
1 creature vanquished.

Table legend:
 A = Non-vault XP
 B = Vault XP
 C = Vault XP percentage of total XP
 D = Non-vault monster count
 E = Vault monster count
 F = Vault count percentage of total count
                 A         B        C        D         E       F
            +---------+---------+-------+---------+---------+-------
      Total |       4 |       0 |   0.0 |       1 |       0 |   0.0
            +---------+---------+-------+---------+---------+-------
        D:4 |       4 |       0 |   0.0 |       1 |       0 |   0.0
            +---------+---------+-------+---------+---------+-------

Illustrated notes

Table legend:
 A = Kills in this place as a percentage of kills in entire the game.
 B = Kills by you in this place as a percentage of kills by you in the entire game.
 C = Kills by friends in this place as a percentage of kills by friends in the entire game.
 D = Other kills in this place as a percentage of other kills in the entire game.
 E = Experience gained in this place as a percentage of experience gained in the entire game.
 F = Experience gained in this place divided by the number of levels of this place that you have seen.
                   A       B       C       D       E      F
               +-------+-------+-------+-------+-------+----------------------
         Total | 100.0 | 100.0 |   N/A |   N/A | 100.0 |   1.3
       Dungeon | 100.0 | 100.0 |   N/A |   N/A | 100.0 |   2.0
               +-------+-------+-------+-------+-------+----------------------

Table legend: (Time is in decaauts)
 A = Elapsed time spent in this place.
 B = Non-inter-level travel time spent in this place.
 C = Inter-level travel time spent in this place.
 D = Time resting spent in this place.
 E = Time spent auto-exploring this place.
 F = Levels seen in this place.
 G = Mean time per level.
                   A        B        C        D        E       F      G
               +--------+--------+--------+--------+--------+-----+--------+
         Total |    222 |    173 |     49 |      4 |     97 |   3 |   74.0 |
       Dungeon |    145 |    131 |     14 |      4 |     68 |   2 |   72.5 |
        Temple |     77 |     42 |     35 |      0 |     28 |   1 |   77.0 |
               +--------+--------+--------+--------+--------+-----+--------+

Top non-repeatable levels by time:
     D:5: 83 daAuts
  Temple: 77 daAuts
     D:4: 62 daAuts
